 Dungeon Crawl Stone Soup version 0.28.0 (webtiles) character file.

Game seed: 3357556353038543322

15084 browni3141 the Severer (level 11, -5/103 HPs)
             Began as a Minotaur Berserker on Feb 17, 2022.
             Was a High Priest of Trog.
             Slain by a fire elemental (11 damage)
             ... summoned by a deep elf pyromancer
             ... in a volcano.
             The game lasted 00:06:34 (14037 turns).

browni3141 the Severer (Minotaur Berserker)        Turns: 14037, Time: 00:06:35

Health: -5/103     AC: 23    Str: 25    XL:     11   Next: 97%
Magic:  0/10       EV:  8    Int:  4    God:    Trog [*****.]
Gold:   729        SH:  0    Dex: 11    Spells: 10/10 levels left

rFire   . . .      SeeInvis +   x - +0 war axe (flame)
rCold   . . .      Faith    .   (no shield)
rNeg    . . .      Spirit   +   H - +0 plate armour
rPois   .          Reflect  .   (helmet restricted)
rElec   .          Harm     .   m - +0 cloak
rCorr   .          Rampage  .   y - +2 pair of gloves
Will    ++...                   I - +2 pair of boots
Stlth   ..........              G - amulet of guardian spirit
HPRegen 1.27/turn               v - ring of see invisible
MPRegen 0.12/turn               (no ring)

@: strong-willed, on berserk cooldown, regenerating, slowed, very slow
A: horns 2, retaliatory headbutt
a: Renounce Religion, Berserk, Trog's Hand, Brothers in Arms


You were in a volcano.
You worshipped Trog.
Trog was extremely pleased with you.
You visited 2 branches of the dungeon, and saw 12 of its levels.
You also visited: Volcano.

You collected 729 gold pieces.


Innate Abilities, Weirdness & Mutations

You have a pair of horns on your head.
You reflexively headbutt those who attack you in melee.


   Skills:
 + Level 11.6 Fighting
 * Level 15.7 Axes
 + Level 11.3 Armour
 - Level 2.1 Dodging
 - Level 6.0 Evocations


You had 10 spell levels left.
You didn't know any spells.
Your spell library was empty.

Inventory:

Hand Weapons
 a - a +0 hand axe
 p - a +2 hand axe of flaming
 x - a +0 war axe of flaming (weapon)
Missiles
 q - a throwing net (quivered)
 A - 3 curare-tipped darts {@f4}
Armour
 b - a +0 animal skin
 f - a +0 pair of boots
 m - a +0 cloak (worn)
 s - a +0 chain mail
 y - a +2 pair of gloves (worn)
 H - a +0 plate armour (worn)
 I - a +2 pair of boots (worn)
Jewellery
 c - a ring of ice
 v - a ring of see invisible (left hand)
 G - an amulet of guardian spirit (around neck)
Wands
 i - a wand of flame (33)
 l - a wand of paralysis (12)
 t - a wand of iceblast (11)
 K - a wand of mindburst (7)
 M - a wand of polymorph (4)
Scrolls
 e - 4 scrolls of enchant armour {unknown}
 g - 3 scrolls of fog {unknown}
 h - a scroll of noise {unknown}
 n - a scroll of fear {unknown}
 o - 3 scrolls of teleportation {unknown}
 u - 3 scrolls of magic mapping {unknown}
 z - 2 scrolls of blinking {unknown}
 C - 10 scrolls of identify {unknown}
Potions
 d - a potion of ambrosia {unknown}
 j - 4 potions of curing {unknown}
 k - 4 potions of mutation {unknown}
 r - 4 potions of lignification {unknown}
 w - 2 potions of degeneration {unknown}
 B - a potion of flight {unknown}
 D - 2 potions of resistance {unknown}
 E - a potion of brilliance {unknown}
 F - a potion of berserk rage {unknown}
 L - a potion of magic {unknown}
Miscellaneous
 J - a phial of floods

Dungeon Overview and Level Annotations

Branches:
Dungeon (10/15)            Temple (0/1) D:6            Lair (2/6) D:9
    Orc (0/2) D:9         Volcano (1/1)
  Swamp: Lair:2-4    Shoals: Lair:2-4     Snake: Lair:2-4    Spider: Lair:2-4

Altars:
Ashenzari
Cheibriados
Fedhas
Gozag
Hepliaklqana
Makhleb
Ru
Trog
Uskayaw
Vehumet
Wu Jian
Xom
Yredelemnul
The Shining One
Beogh

Shops:
D:2 *   D:3 *   D:9 *

Annotations:
D:3 exclusion: door

¦........¦ ¦........¦
¦..¦¦¦¦..¦ ¦..¦ ¦..¦ E
¦..¦ ¦..¦ #. ¦..+ ¦..¦
#○e ¦..¦ ¦..¦ #°#
¦.)¦¦¦¦..¦ #E# ¦@.'.¦¦..¦
≈ #..#¦EO¦¦¦¦..¦
≈≈≈≈#.○¦..¦ ¦..¦¦######
§§≈≈≈.))§.¦¦¦¦..¦¦8..8.##
≈≈≈≈≈#.)..¦8...8.+.....8#
≈≈≈≈≈..¦¦¦¦......+......#
# #≈### ¦...⌠..¦...∩.∩#
≈≈ ¦...)..'......# ≈≈
¦8...8.'.....8#


You could see a fire elemental (summoned, ally target) and a friendly ogre
(summoned, berserk).


Message History

You are no longer berserk.
You are exhausted.
You feel yourself slow down.
Your skin crawls.
You feel strong-willed. The fire elemental hits you.
The fire elemental burns you!
* * * LOW HITPOINT WARNING * * *
You fail to use your ability.
The fire elemental hits you. x2
The fire elemental burns you!
* * * LOW HITPOINT WARNING * * *
Your ogre goes berserk!
The fire elemental barely misses you. The fire elemental hits you.
The fire elemental burns you!
* * * LOW HITPOINT WARNING * * *
You are too injured to fight recklessly!
You are too injured to fight recklessly!
You barely miss the fire elemental.
Your headbutt misses the fire elemental.
Your ogre barely misses the fire elemental.
The deep elf pyromancer casts a spell.
The deep elf pyromancer blinks!
The fire elemental hits you. The fire elemental burns you!
* * * LOW HITPOINT WARNING * * *
Okay, then.
You miss the fire elemental. The fire elemental hits you.
The fire elemental burns you!
* * * LOW HITPOINT WARNING * * *
Your ogre barely misses the fire elemental.
The fire elemental hits you. The fire elemental burns you!
You die...

Skill      XL: |  1  2  3  4  5  6  7  8  9 10 11 |
---------------+----------------------------------+-----
Axes           | 4 5 6 7 8 10 12 13 15 | 15.7
Fighting       | 4 5 6 7 9 10 11 | 11.6
Armour         | 3 4 5 6 7 8 9 11 | 11.3
Evocations     | 2 4 5 6 |  6.0
Dodging        | |  2.1

Action                   |  1- 3 |  4- 6 |  7- 9 | 10-12 || total
-------------------------+-------+-------+-------+-------++-------
Melee: Hand axe          |    86 |    79 |   137 |       ||   302
       Headbutt          |    12 |    13 |    39 |    57 ||   121
       Punch             |       |     2 |     2 |     3 ||     7
       War axe           |       |       |   111 |   265 ||   376
Invok: Berserk           |     1 |     4 |     8 |     7 ||    20
       Trog's Hand       |       |       |     1 |     2 ||     3
       Brothers in Arms  |       |       |       |     1 ||     1
 Stab: Sleeping          |       |     1 |       |       ||     1
Armor: Animal skin       |    15 |    12 |     6 |       ||    33
       Chain mail        |       |       |   135 |    57 ||   192
       Plate armour      |       |       |       |   102 ||   102
Dodge: Dodged            |    52 |    45 |   127 |   112 ||   336

Levels and vault maps discovered:
D:1:      minmay_arrival_open_corners, layout_loops_ring
D:2:      layout_loops_corners, serial_shops, nicolae_shop_statue_plus,
          kennysheep_donut, uniq_sigmund
D:3:      layout_loops_corners, nicolae_gozag_zags_fifth_avenue,
          cheibrodos_worm_habitat, minmay_misc_feat_doors,
          kennysheep_generic_room_12, uniq_crazy_yiuf_cottage, uniq_natasha
D:4:      layout_basic, lemuel_round_altar, ebering_ghost_disaster_area,
          minivault_5
D:5:      layout_loops_ring, uniq_ijyb
D:6:      layout_basic, mainiacjoe_overflow_alcove_4,
          mainiacjoe_overflow_24_doors, minmay_temple_entry_gardened_gates,
          uniq_maggie, uniq_edmund, uniq_menkaure
D:7:      layout_cave_pods
D:8:      layout_loops_ring, fedhas_altar_1, hangedman_ru_absence,
          doesnt_xom_only_xom
D:9:      layout_gridville, mainiacjoe_overflow_divided_tiny,
          minmay_lair_entry_grove, david_orc_5, serial_shops, shop,
          minmay_variable_closet
D:10:     layout_basic, nicolae_vehumet_radiance,
          mainiacjoe_overflow_tiny_flanked
Lair:1:   layout_misc_corridors, serial_bayou_shore_a, lemuel_fruit_tree,
          lemuel_fruit_fields
Lair:2:   layout_roguey [special_room_bee], nicolae_volcano_entry_hallway,
          minivault_11
Volcano:  hellmonk_zot_springs

Notes
Turn   | Place    | Note
-------+----------+-------------------------------------------
     0 | D:1      | browni3141 the Minotaur Berserker began the quest for the
                  | Orb.
     0 | D:1      | Reached XP level 1. HP: 19/19 MP: 0/0
   341 | D:1      | Reached skill level 4 in Axes
   348 | D:1      | Reached XP level 2. HP: 26/27 MP: 1/1
   858 | D:1      | Reached skill level 4 in Fighting
   933 | D:1      | Reached skill level 3 in Armour
   933 | D:1      | Reached XP level 3. HP: 27/33 MP: 2/2
  1197 | D:2      | Found Sizxaoz's Assorted Antiques.
  1604 | D:2      | Reached ** piety under Trog
  1742 | D:2      | Noticed Sigmund
  1749 | D:2      | Killed Sigmund
  1750 | D:2      | Reached skill level 5 in Axes
  1750 | D:2      | Reached skill level 4 in Armour
  1750 | D:2      | Reached XP level 4. HP: 41/41 MP: 1/3
  1750 | D:2      | Reached XP level 5. HP: 47/47 MP: 1/4
  2171 | D:2      | Reached skill level 6 in Axes
  2433 | D:2      | Reached skill level 5 in Fighting
  2728 | D:3      | Noticed Natasha
  2730 | D:3      | Noticed a sky beast
  2736 | D:3      | Killed Natasha
  2737 | D:3      | Reached XP level 6. HP: 18/56 MP: 1/5
  2738 | D:3      | Killed a sky beast
  3022 | D:3      | Noticed Natasha
  3026 | D:3      | Killed Natasha
  3062 | D:3      | Noticed Natasha
  3067 | D:3      | Killed Natasha
  3172 | D:3      | Found Gozag's Platinum Reserve.
  3269 | D:3      | Found a runed translucent door.
  3270 | D:3      | Noticed Crazy Yiuf
  3342 | D:3      | Found a snail-covered altar of Cheibriados.
  3682 | D:3      | Reached skill level 7 in Axes
  4003 | D:3      | Found an opulent altar of Gozag.
  4254 | D:3      | Killed Crazy Yiuf
  4458 | D:4      | Reached skill level 5 in Armour
  4458 | D:4      | Reached XP level 7. HP: 62/62 MP: 6/6
  4820 | D:4      | Found a bloodstained altar of Trog.
  4938 | D:4      | Found a large runed translucent door.
  4939 | D:4      | Found a large runed translucent door.
  4941 | D:4      | Noticed yahweh's ghost (weakling DgAE)
  5470 | D:4      | Killed yahweh's ghost
  5696 | D:5      | Entered Level 5 of the Dungeon
  5787 | D:5      | Reached skill level 6 in Fighting
  5791 | D:5      | Reached skill level 8 in Axes
  6133 | D:5      | Reached skill level 6 in Armour
  6163 | D:5      | Reached XP level 8. HP: 68/71 MP: 7/7
  6267 | D:5      | Noticed Ijyb
  6276 | D:5      | Killed Ijyb
  6298 | D:5      | Reached *** piety under Trog
  6333 | D:5      | Reached skill level 9 in Axes
  6641 | D:6      | Found a staircase to the Ecumenical Temple.
  6652 | D:6      | Noticed Edmund
  6663 | D:6      | Reached skill level 7 in Fighting
  6663 | D:6      | Reached skill level 1 in Evocations
  6669 | D:6      | Killed Edmund
  6954 | D:6      | Found a basalt altar of Yredelemnul.
  7042 | D:6      | Noticed Menkaure
  7047 | D:6      | Found an ornate altar of the Wu Jian Council.
  7107 | D:6      | Killed Menkaure
  7108 | D:6      | Reached skill level 10 in Axes
  7108 | D:6      | Reached skill level 2 in Evocations
  7174 | D:6      | Noticed Maggie
  7192 | D:6      | Killed Maggie
  7193 | D:6      | Reached skill level 7 in Armour
  7193 | D:6      | Reached XP level 9. HP: 48/80 MP: 4/8
  7763 | D:7      | Reached skill level 8 in Fighting
  7848 | D:7      | Reached **** piety under Trog
  7910 | D:7      | Reached skill level 3 in Evocations
  7911 | D:7      | Reached skill level 11 in Axes
  8450 | D:7      | Reached skill level 8 in Armour
  9217 | D:8      | Found a sacrificial altar of Ru.
  9219 | D:8      | Found a blossoming altar of Fedhas.
  9316 | D:8      | Noticed a two-headed ogre
  9325 | D:8      | Killed a two-headed ogre
  9326 | D:8      | Reached skill level 9 in Fighting
  9326 | D:8      | Reached skill level 12 in Axes
  9326 | D:8      | Reached skill level 4 in Evocations
  9326 | D:8      | Reached XP level 10. HP: 49/91 MP: 3/9
  9565 | D:8      | Noticed a two-headed ogre
  9570 | D:8      | Killed a two-headed ogre
  9845 | D:8      | Found a hide-covered altar of Uskayaw.
  9847 | D:8      | Found a shimmering altar of Xom.
  9847 | D:8      | Found a stormy altar of Qazlal.
  9849 | D:8      | Found a glowing golden altar of the Shining One.
  9849 | D:8      | Found a broken altar of Ashenzari.
  9849 | D:8      | Found a burning altar of Makhleb.
 10217 | D:8      | Identified the +11 flail of Suiwunt {vorpal, *Corrode
                  | +Blink rN+++ Dex+3}
 10302 | D:9      | Reached skill level 9 in Armour
 10302 | D:9      | Found a staircase to the Orcish Mines.
 10792 | D:9      | Found a staircase to the Lair.
 10800 | D:9      | Reached skill level 13 in Axes
 10800 | D:9      | Reached skill level 5 in Evocations
 10874 | D:9      | Reached skill level 10 in Fighting
 10910 | D:9      | Found a hide-covered altar of Uskayaw.
 10911 | D:9      | Found a hazy altar of Hepliaklqana.
 11211 | D:9      | Found Zuupiet's Assorted Antiques.
 11561 | D:10     | Entered Level 10 of the Dungeon
 11561 | D:10     | Noticed a gargoyle
 11571 | D:10     | Killed a gargoyle
 11595 | D:10     | Reached XP level 11. HP: 78/100 MP: 8/10
 11682 | D:10     | Found a glowing golden altar of the Shining One.
 11687 | D:10     | Found a radiant altar of Vehumet.
 11776 | D:10     | Reached ***** piety under Trog
 12082 | D:10     | Noticed a two-headed ogre
 12096 | D:10     | Killed a two-headed ogre
 12097 | D:10     | Reached skill level 14 in Axes
 12097 | D:10     | Reached skill level 10 in Armour
 12473 | Lair:1   | Entered Level 1 of the Lair of Beasts
 12601 | Lair:1   | Reached skill level 6 in Evocations
 12638 | Lair:1   | Noticed a five-headed hydra
 12647 | Lair:1   | Killed a one-headed hydra
 13232 | Lair:1   | Reached skill level 11 in Fighting
 13367 | Lair:1   | Reached skill level 15 in Axes
 13611 | Lair:2   | Noticed a catoblepas
 13630 | Lair:2   | Killed a catoblepas
 13631 | Lair:2   | Reached skill level 11 in Armour
 13893 | Lair:2   | Found a dark tunnel.
 13919 | Volcano  | Entered a volcano
 14010 | Volcano  | Noticed an orc knight
 14020 | Volcano  | Killed an orc knight
 14024 | Volcano  | Noticed a deep elf pyromancer
 14037 | Volcano  | HP: 6/103 [fire elemental[a deep elf pyromancer] (9)]
 14037 | Volcano  | Slain by a fire elemental

Vanquished Creatures
  A hydra (Lair:1)
  A catoblepas (Lair:2)
  3 two-headed ogres
  An orc knight (Volcano)
  2 molten gargoyles (Volcano)
  A cane toad (Lair:2)
  A black mamba (Lair:1)
  3 gargoyles
  Maggie (D:6)
  3 komodo dragons
  A centaur simulacrum (D:9)
  A shadow (D:10)
  Sigmund (D:2)
  16 yaks
  5 wyverns
  2 basilisks (D:9)
  A steam dragon (D:9)
  Menkaure (D:6)
  Edmund (D:6)
  7 water moccasins
  5 orc warriors
  A black bear (D:6)
  2 sky beasts
  A necrophage (D:5)
  An ogre (D:5)
  5 wolves (Lair:1)
  2 centaurs
  3 kobold brigands (D:7)
  3 scorpions
  A wyvern zombie (D:8)
  A water moccasin zombie (D:5)
  A bullfrog (D:7)
  8 wights
  5 killer bees (D:7)
  The ghost of yahweh the Gusty, a weakling DgAE (D:4)
  3 centaur zombies
  A bullfrog zombie (D:7)
  2 hounds
  A jelly (D:8)
  9 orc priests
  A bullfrog skeleton (D:6)
  A centaur skeleton (D:6)
  Crazy Yiuf (D:3)
  Ijyb (D:5)
  Natasha (thrice) (D:3)
  3 iguanas
  7 orc wizards
  A hound zombie (D:5)
  A howler monkey zombie (D:10)
  8 gnolls
  4 adders
  A shadow imp (D:7)
  A white imp (D:6)
  An adder zombie (D:5)
  3 worms (D:2)
  3 dart slugs
  51 orcs
  4 ball pythons
  7 bats
  7 endoplasms
  A giant cockroach (D:2)
  8 goblins
  7 hobgoblins
  7 jackals
  4 quokkas
  3 frilled lizards (D:1)
  20 kobolds
  4 rats
272 creatures vanquished.

Vanquished Creatures (others)
  4 fungi
  19 plants
23 creatures vanquished.

Grand Total: 295 creatures vanquished

Table legend: (Time is in decaauts)
 A = Elapsed time spent in this place.
 B = Non-inter-level travel time spent in this place.
 C = Inter-level travel time spent in this place.
 D = Time resting spent in this place.
 E = Time spent auto-exploring this place.
 F = Levels seen in this place.
 G = Mean time per level.
                   A        B        C        D        E       F      G
               +--------+--------+--------+--------+--------+-----+--------+
         Total |  14154 |  13785 |    369 |   2832 |   9294 |  13 | 1088.8 |
       Dungeon |  12597 |  12233 |    364 |   2471 |   8325 |  10 | 1259.7 |
          Lair |   1446 |   1442 |      4 |    357 |    905 |   2 |  723.0 |
       Volcano |    109 |    109 |      0 |      3 |     64 |   1 |  109.0 |
               +--------+--------+--------+--------+--------+-----+--------+

Top non-repeatable levels by time:
     D:3: 1756 daAuts
     D:2: 1568 daAuts
     D:7: 1396 daAuts
     D:9: 1309 daAuts
     D:4: 1267 daAuts
     D:8: 1241 daAuts
     D:1: 1180 daAuts
     D:6: 1121 daAuts
  Lair:1: 1106 daAuts
    D:10: 906 daAuts
     D:5: 849 daAuts
  Lair:2: 340 daAuts
 Volcano: 109 daAuts

Table legend:
 A = Non-vault XP
 B = Vault XP
 C = Vault XP percentage of total XP
 D = Non-vault monster count
 E = Vault monster count
 F = Vault count percentage of total count
                 A         B        C        D         E       F
            +---------+---------+-------+---------+---------+-------
      Total |   15658 |    5891 |  27.3 |     225 |      47 |  17.3
            +---------+---------+-------+---------+---------+-------
        D:1 |      50 |       0 |   0.0 |      27 |       0 |   0.0
        D:2 |     109 |     212 |  66.0 |      21 |       1 |   4.5
        D:3 |     259 |      72 |  21.8 |      22 |       2 |   8.3
        D:4 |     165 |      55 |  25.0 |      12 |       1 |   7.7
        D:5 |     676 |      36 |   5.1 |      14 |       1 |   6.7
        D:6 |     483 |     723 |  60.0 |      17 |       3 |  15.0
        D:7 |    1653 |       0 |   0.0 |      52 |       0 |   0.0
        D:8 |    2544 |       0 |   0.0 |      16 |       0 |   0.0
        D:9 |     901 |    2538 |  73.8 |      11 |      34 |  75.6
       D:10 |    2252 |       0 |   0.0 |       9 |       0 |   0.0
     Lair:1 |    4934 |       0 |   0.0 |      21 |       0 |   0.0
     Lair:2 |    1632 |       0 |   0.0 |       3 |       0 |   0.0
    Volcano |       0 |    2255 | 100.0 |       0 |       5 | 100.0
            +---------+---------+-------+---------+---------+-------
